 Dungeon Crawl Stone Soup version 0.26.1-11-gd32895ea62 (webtiles) character file.

Game seed: 12879212482918173101

93 woolyfrog the Cudgeller (level 4, -2/35 HPs)
             Began as a Human Monk on Apr 29, 2021.
             Slain by a gnoll
             ... wielding a +0 halberd
              (10 damage)
             ... on level 3 of the Dungeon.
             The game lasted 00:06:17 (2588 turns).

woolyfrog the Cudgeller (Human Monk)                Turns: 2588, Time: 00:06:19

Health: -2/35      AC:  9    Str: 13    XL:     4   Next: 92%
Magic:  4/4        EV:  7    Int: 10    God:
Gold:   88         SH:  0    Dex: 15    Spells: 3/3 levels left

rFire    . . .     SeeInvis .   a - +1 mace
rCold    . . .     Faith    .   (no shield)
rNeg     . . .     Spirit   .   l - +0 chain mail
rPois    .         Reflect  .   g - +0 helmet
rElec    .         Harm     .   (no cloak)
rCorr    .         Rampage  .   (no gloves)
Will     .....                  (no boots)
Stlth    ..........             b - amulet of regeneration
HPRegen  0.51/turn              f - ring of attention (curse)
MPRegen  0.09/turn              (no ring)

@: lethally poisoned (-2 -> -4), about to teleport
A: no striking features
a: no special abilities


You were on level 3 of the Dungeon.
You visited 1 branch of the dungeon, and saw 3 of its levels.

You collected 88 gold pieces.

Inventory:

Hand Weapons
 a - a +1 mace (weapon)
Missiles
 d - 43 bolts
 j - 20 poisoned darts (quivered)
Armour
 g - a +0 helmet (worn)
 l - a +0 chain mail (worn)
Jewellery
 b - an amulet of regeneration (around neck)
 f - a cursed ring of attention (left hand)
Scrolls
 c - 5 scrolls of identify
 h - a scroll of magic mapping
Potions
 i - a potion of heal wounds {unknown}
 k - a potion of curing


   Skills:
 - Level 3.0 Fighting
 * Level 4.6 Maces & Flails
 - Level 2.0 Armour
 - Level 3.0 Dodging
 - Level 2.0 Stealth


You had 3 spell levels left.
You didn't know any spells.
Your spell library was empty.

Dungeon Overview and Level Annotations

Branches:
Dungeon (3/15)

Altars:


Message History

It is a scroll of enchant weapon.
Your +0 mace glows red for a moment.
The adder bites you but does no damage. x2
As you read the scroll of teleportation, it crumbles to dust.
You feel strangely unstable.
The gnoll hits you but does no damage. x2
The adder closely misses you.
You miss the adder. The adder bites you.
You are poisoned.
The adder poisons you! The gnoll barely misses you. The adder bites you.
You are more poisoned.
The adder poisons you!
You miss the adder.
You feel sick.
The gnoll hits you from afar with a +0 halberd!
The adder bites you but does no damage.
You sock the adder!
The adder is almost dead.
The adder completely misses you.
The gnoll hits you with a +2 flail of protection.
* * * LOW HITPOINT WARNING * * *
The gnoll hits you from afar with a +0 halberd!
You die...

#.# #. #.# #.
####.#######
#.##..........#
..###.#..##.#####.#
#........##.# #.#
..###..g..#.# ##.###
#.gg(...# #....#
###@##### ##.#.# #S#
####.#### #.# #.......#
##'# #.##.##.# ##...##
#.##.##)# ##.....##
#.##.##.# ##.......##
#....##.#
###.........####>..###.#
.'.........'..........#


You could see 3 gnolls and an adder.

Vanquished Creatures
  A worker ant (D:2)
  An ooze (D:1)
  2 worms (D:2)
  2 dart slugs
  A leopard gecko (D:1)
  2 giant cockroaches
  6 hobgoblins
  7 jackals
  3 quokkas
  2 ball pythons (D:2)
  5 bats
  4 frilled lizards
  7 goblins
  4 kobolds
  5 rats
52 creatures vanquished.

Notes
Turn   | Place    | Note
-------+----------+-------------------------------------------
     0 | D:1      | woolyfrog the Human Monk began the quest for the Orb.
     0 | D:1      | Reached XP level 1. HP: 18/18 MP: 1/1
    44 | D:1      | Reached XP level 2. HP: 19/24 MP: 2/2
   401 | D:1      | Reached XP level 3. HP: 26/29 MP: 3/3
   405 | D:1      | Reached skill level 4 in Maces & Flails
  1349 | D:2      | Reached XP level 4. HP: 18/35 MP: 4/4
  2588 | D:3      | Slain by a gnoll

Illustrated notes

Levels and vault maps discovered:
D:1:      lemuel_arrival_broad_hall, layout_basic
D:2:      layout_basic
D:3:      minmay_chambers_of_twos, layout_loops_corners, uniq_grinder

Skill      XL: |  1  2  3 |
---------------+----------+-----
Maces & Flails | 4 |  4.6
Armour         | 2 |  2.0
Fighting       | |  3.0
Dodging        | |  3.0
Stealth        | |  2.0

Action                   |  1- 3 |  4- 6 || total
-------------------------+-------+-------++-------
Melee: Mace              |   112 |    97 ||   209
  Use: Scroll            |     3 |     2 ||     5
       Potion            |     1 |       ||     1
 Stab: Sleeping          |     1 |       ||     1
Armor: Robe              |    14 |       ||    14
       Leather armour    |    12 |     8 ||    20
       Chain mail        |       |    45 ||    45
Dodge: Dodged            |    80 |    50 ||   130
